 Dungeon Crawl Stone Soup version 0.18-a0-1745-gffa9a88 (webtiles) character file.

108 Ebgish the Chiller (level 4, -7/24 HPs)
             Began as a Deep Elf Ice Elementalist on Apr 12, 2016.
             Mangled by a worm (9 damage)
             ... on level 3 of the Dungeon.
             The game lasted 00:09:16 (1876 turns).

Ebgish the Chiller (Deep Elf Ice Elementalist)      Turns: 1876, Time: 00:09:17

Health: -7/24      AC:  3    Str:  6    XL:     4   Next: 58%
Magic:  0/12       EV: 19    Int: 20    God:
Gold:   186        SH:  0    Dex: 15    Spells: 3 memorised, 5 levels left

rFire  . . .     SeeInvis .     h - +0 dagger
rCold  . . .     Gourm    .     a - +1 robe
rNeg   . . .     Faith    .     (no shield)
rPois  .         Spirit   .     (no helmet)
rElec  .         Dismiss  .     (no cloak)
rCorr  .         Reflect  .     (no gloves)
SustAt .         Harm     .     (no boots)
MR     +....                    (no amulet)
Stlth  ++........               k - ring of protection from magic
                                n - +6 ring of evasion

@: somewhat resistant to hostile enchantments, unstealthy
A: no striking features
a: no special abilities


You were on level 3 of the Dungeon.
You were not hungry.

You visited 1 branch of the dungeon, and saw 3 of its levels.

You collected 186 gold pieces.

Inventory:

Hand Weapons
 h - a +0 dagger (weapon)
Armour
 a - a +1 robe (worn)
Jewellery
 k - a ring of protection from magic (right hand)
 m - a +2 ring of protection
 n - a +6 ring of evasion (left hand)
Scrolls
 i - 2 scrolls of remove curse
Potions
 d - a potion of flight
 e - 2 potions of mutation
 l - a potion of resistance {unknown}
Books
 b - a book of Frost

   Spells                             Type                      Level
   a - Freeze                         Ice                          1
   b - Throw Frost                    Conjuration/Ice              2
   c - Ozocubu's Armour               Charms/Ice                   3
   d - Throw Icicle                   Conjuration/Ice              4
   e - Summon Ice Beast               Ice/Summoning                4
Comestibles
 c - a bread ration
 f - a royal jelly
 g - 4 chunks of flesh
 j - 2 beef jerkies


   Skills:
 - Level 2.4 Dodging
 - Level 2.4 Stealth
 + Level 4.0 Spellcasting
 * Level 2.3 Conjurations
 + Level 1.1 Charms
 * Level 4.8 Ice Magic


You had 5 spell levels left.
You knew the following spells:

 Your Spells              Type           Power        Failure   Level  Hunger
a - Throw Frost           Conj/Ice       ###...       4%          2    #......
b - Ozocubu's Armour      Chrm/Ice       ###.....     12%         3    ###....
f - Freeze                Ice            ###.         1%          1    None


Dungeon Overview and Level Annotations

Branches:
Dungeon (3/15)

Altars:

Annotations:
D:2 Sigmund


Message History

You freeze the hobgoblin. The hobgoblin barely misses you.
A hobgoblin comes into view.
You now have 1/12 mp.
Aim: a hobgoblin (heavily wounded)
You freeze the hobgoblin.
You kill the hobgoblin!
Your Charms skill increases to level 1!
The hobgoblin shouts!
The worm misses you.
You now have 0/12 mp.
The worm bites you!
* * * LOW HITPOINT WARNING * * *
Things that are here:
a scroll of enchant armour; a goblin corpse You take 8 damage, and have 2/24 hp.
MASSIVE DAMAGE!!
Aim: a hobgoblin You freeze the hobgoblin.
The gnoll shouts!
The hobgoblin misses you. The worm bites you!
You die...

#.# #..####†.####
#.####..#..)..#..#
#...##..#..#.P#..#
###.....####..#'## # #
#.#........g...###'#..P
#.##..g..g.gK⌠.........
#.##.#)##+##...........
## ####.##.#gw#
#####.P#'##. .#
#.......#@.# ..# .# .#
#.#####.####### ..# .#
###.# #.......#### ..#
.#####...# #...........
..g .#.....#.#
#..#..#####......
.#.#####.#####..#.##
#......
)#.#####.......##.# #.#
..<.........####.)# #.#
#(.######...# #.## #.#


You could see a worm, a gnoll and a hobgoblin.

Vanquished Creatures
  2 gnolls (D:3)
  2 adders (D:2)
  3 worms
  A dart slug (D:2)
  3 giant geckos
  3 orcs (D:3)
  A ball python (D:2)
  2 giant cockroaches
  10 goblins
  6 hobgoblins
  7 kobolds
  2 quokkas (D:2)
  5 bats
  2 giant newts
  5 rats
54 creatures vanquished.

Notes
Turn   | Place    | Note
--------------------------------------------------------------
     0 | D:1      | Ebgish the Deep Elf Ice Elementalist began the quest for the Orb.
     0 | D:1      | Reached XP level 1. HP: 10/10 MP: 6/6
   289 | D:1      | Reached XP level 2. HP: 15/15 MP: 5/8
   599 | D:2      | Gained mutation: You are clumsy. (Dex -2) [potion of mutation]
   599 | D:2      | Gained mutation: You have a pair of small horns on your head. [potion of mutation]
   599 | D:2      | Gained mutation: Your movements are slightly less encumbered by armour (ER -2). [potion of mutation]
   600 | D:2      | Lost mutation: You have a pair of small horns on your head. [potion of cure mutation]
   600 | D:2      | Lost mutation: You are clumsy. (Dex -2) [potion of cure mutation]
   600 | D:2      | Lost mutation: Your movements are slightly less encumbered by armour (ER -2). [potion of cure mutation]
   641 | D:2      | Learned a level 2 spell: Throw Frost
   724 | D:2      | Noticed Sigmund
   747 | D:2      | Reached XP level 3. HP: 15/19 MP: 5/10
  1175 | D:2      | Learned a level 3 spell: Ozocubu's Armour
  1339 | D:3      | Reached XP level 4. HP: 24/24 MP: 7/11
  1873 | D:3      | Reached skill level 1 in Charms
  1876 | D:3      | Mangled by a worm

Vault maps used:
D:1:      scummos_arrival_simple_crosswalls
D:2:      glass_columns_a, amethyst_killhole, kennysheep_generic_room_9,
          uniq_sigmund
D:3:      corexii_shack_village, led_sif_pool, first_bread,
          lexackson_kobold_supper

Skill      XL: |  1  2  3  4 |
---------------+-------------+-----
Ice Magic      | 4 |  4.8
Conjurations   | 2 |  2.3
Spellcasting   | 4 |  4.0
Charms         | 1 |  1.1
Dodging        | |  2.4
Stealth        | |  2.4

Action                   |  1- 3 |  4- 6 || total
-------------------------+-------+-------++-------
Melee: Unarmed           |     1 |       ||     1
       Dagger            |    20 |    25 ||    45
 Cast: Freeze            |    39 |    30 ||    69
       Throw Frost       |     2 |     2 ||     4
  Use: Potion            |     6 |       ||     6
       Scroll            |     7 |       ||     7
 Stab: Sleeping          |     3 |     1 ||     4
  Eat: Chunk             |     1 |     2 ||     3
